 Dungeon Crawl Stone Soup version 0.19-a0 (webtiles) character file.

113 barb4r1an the Twirler (level 4, 0/35 HPs)
             Began as a Demonspawn Gladiator on Apr 27, 2016.
             Slain by Grinder (7 damage)
             ... while paralysed by Grinder
             ... on level 3 of the Dungeon.
             The game lasted 00:02:28 (1733 turns).

barb4r1an the Twirler (Demonspawn Gladiator)        Turns: 1733, Time: 00:02:29

Health: 0/35       AC:  9    Str: 16    XL:     4   Next: 65%
Magic:  0/4        EV:  2    Int:  9    God:
Gold:   129        SH:  0    Dex: 14    Spells: 0 memorised, 3 levels left

rFire  . . .     SeeInvis .     a - +0 quarterstaff
rCold  . . .     Gourm    .     q - +0 chain mail
rNeg   . . .     Faith    .     (shield currently unavailable)
rPois  .         Spirit   +     c - +0 helmet
rElec  .         Dismiss  .     (no cloak)
rCorr  .         Reflect  .     (no gloves)
SustAt .         Harm     .     (no boots)
MR     .....                    (no amulet)
Stlth  ..........               (no ring)
                                (no ring)

@: paralysed, not resistant to hostile enchantments, extremely unstealthy
A: talons 1, magic shield
a: no special abilities


You were on level 3 of the Dungeon.
You were near starving.

You visited 1 branch of the dungeon, and saw 3 of its levels.

You collected 129 gold pieces.

Inventory:

Hand Weapons
 a - a +0 quarterstaff (weapon)
Missiles
 d - 3 throwing nets (quivered)
Armour
 c - a +0 helmet (worn)
 q - a +0 chain mail (worn)
Scrolls
 b - a scroll of blinking {unknown}
 i - 4 scrolls of identify {unknown}
 k - a scroll of immolation {unknown}
 p - a scroll of enchant armour {unknown}
 s - a scroll of remove curse {unknown}
 t - a scroll of magic mapping {unknown}
Potions
 e - a potion of berserk rage {unknown}
 g - a potion of heal wounds {unknown}
 j - a potion of brilliance {unknown}
 l - 2 potions of haste {unknown}
 n - 3 potions of curing {unknown}
 o - a potion of ambrosia {unknown}
Comestibles
 f - 2 bread rations
 h - 3 meat rations
 m - a royal jelly
 r - a beef jerky


   Skills:
 + Level 3.0 Fighting
 + Level 3.3 Staves
 - Level 1.7 Throwing
 + Level 1.6 Armour
 + Level 3.3 Dodging


You had 3 spell levels left.
You didn't know any spells.

Dungeon Overview and Level Annotations

Branches:
Dungeon (3/15)

Altars:
Ru

Annotations:
D:3 Grinder


Innate Abilities, Weirdness & Mutations

You have sharp toenails.
When hurt, damage is shared between your health and your magic reserves.


Message History

Grinder gestures at you.
You barely resist. You hit the rat but do no damage.
The rat bites you but does no damage. Grinder closely misses you.
You closely miss the rat. The rat bites you but does no damage.
Grinder hits you but does no damage.
You hit the rat.
You kill the rat!
Grinder hits you.
You writhe in agony.
Your chain mail prevents you from hitting Grinder.
Your kick misses Grinder. Grinder hits you.
You writhe in agony.
* * * LOW HITPOINT WARNING * * *
You closely miss Grinder. Your kick misses Grinder. Grinder gestures at you.
You suddenly lose the ability to move!
Grinder gestures at you.
You shrug off the repeated paralysis!
Grinder hits you but does no damage. Grinder hits you!
You die...

#.# ##+#.# #....#
#....# # #....####.#
# #.......#.# #..
#.........# #
#....####.......###.#
#.....†@.........<..#
........5.........###
................###
..................
...................
...##...............
... #.........#.....
.. #########.#.##


You could see Grinder.

Vanquished Creatures
  Jessica (D:2)
  2 adders (D:2)
  3 oozes
  2 worms (D:2)
  A dart slug (D:1)
  A giant gecko (D:1)
  2 ball pythons
  3 giant cockroaches
  7 hobgoblins
  5 bats
  9 giant newts
  6 goblins
  6 kobolds
  4 rats
52 creatures vanquished.

Notes
Turn   | Place    | Note
--------------------------------------------------------------
     0 | D:1      | barb4r1an the Demonspawn Gladiator began the quest for the Orb.
     0 | D:1      | Reached XP level 1. HP: 16/16 MP: 1/1
   174 | D:1      | Gained mutation: You have sharp toenails. [demonic ancestry]
   174 | D:1      | Reached XP level 2. HP: 18/22 MP: 2/2
   763 | D:2      | Reached XP level 3. HP: 28/28 MP: 3/3
   770 | D:2      | Reached skill level 1 in Armour
   827 | D:2      | Noticed Jessica
   830 | D:2      | Killed Jessica
   830 | D:2      | Gained mutation: When hurt, damage is shared between your health and your magic reserves. [demonic ancestry]
   830 | D:2      | Reached XP level 4. HP: 32/34 MP: 4/4
  1033 | D:2      | Found a sacrificial altar of Ru.
  1717 | D:3      | Noticed Grinder
  1730 | D:3      | Paralysed by Grinder for 5 turns
  1733 | D:3      | Slain by Grinder

Vault maps used:
D:1:      tarquinn_simple_flora_water_e, minmay_fountain_box, minmay_newt_pond
D:2:      nicolae_overflow_hidden_temple, uniq_jessica
D:3:      uniq_grinder

Skill      XL: |  1  2  3  4 |
---------------+-------------+-----
Staves         | 3 |  3.3
Dodging        | 3 |  3.3
Armour         | 1 |  1.6
Fighting       | 3 |  3.0
Throwing       | |  1.7

Action                   |  1- 3 |  4- 6 || total
-------------------------+-------+-------++-------
Melee: Quarterstaff      |    75 |    86 ||   161
       Kick              |    16 |    28 ||    44
  Eat: Chunk             |       |     1 ||     1
Armor: Ring mail         |    34 |     2 ||    36
       Chain mail        |       |    52 ||    52
Dodge: Dodged            |    57 |    44 ||   101
